Winsometimes, chaotic male giant Caveman --- --- ---.-- -.- ----..... ... |........ -...... |........- .......II.. --......^. ........... --....... -...---.... --.........-- --- --..-|... |...I.........----.-- --...|... |.........).).).|.... ......... ---........%......%.- --........ ........--...> |............ ... --)--... |............ ---- .... I....| |....|...)... --..- .<.. -.- |...--.|...I----....| ..%- --.| ----- --...........| .`.| |..---- --..-----...| ...| |.....| ----- ---...| ----- Winsometimes the Cave Teen Experience level: 4 Strength: 18/02 Dexterity: 16 Constitution: 15 Intelligence: 9 Wisdom: 7 Charisma: 8 Health: 0(38) Energy: 7(7) Def: 11 Gold: 87 Moves: 1415 Dungeon seed: y9fso8k6XdjCqUqu Game ID: Winsometimes_1523737580 Your Inventory: Coins $ - 87 gold pieces Weapons a - an uncursed +1 club (weapon in hand) b - a cursed +2 sling (alternate weapon; not wielded) l - a cursed -2 axe Armor r - a cursed +0 dwarvish roundshield (being worn) Rings c - a cursed ring of hunger (on left hand) Wands j - an uncursed wand of probing (0:6) m - an uncursed wand of nothing (0:7) o - a cursed wand of slow monster (0:8) Gems e - 21 uncursed flints (in quiver) n - 28 uncursed rocks Boulders/Statues q - an uncursed boulder Spells and supernatural/magical abilities: Name Level Category Fail Memory W - pray for help -- divine ? -- Your skills at the end: Miscellaneous Skills bare handed combat [Basic] Weapon Skills two-handed sword [Basic] club [Basic] sling [Basic] Spellcasting Skills Final Attributes: You were devoutly aligned. You hungered rapidly. You had infravision. You were stealthy. You were very unlucky. Anshar was angry with you. You are dead. Vanquished creatures: 2 gnome lords a puppy 2 dwarves 2 dwarf zombies 2 giant rats a yellow mold 9 gnomes a jackal 6 newts 2 grid bugs 3 lichens a kobold zombie 32 creatures vanquished. Voluntary challenges: You did not cause conflict. You did not have reflection. You were not displaced. You used a wielded weapon 37 times, starting on turn 128. You did not use tools. You did not use plumbed fixtures. You read items or engraved 4 times, starting on turn 1194. You never genocided any monsters. You never polymorphed an object. You never changed form. You used no wishes. You never split a pudding. You never wrote Elbereth's name. You never violated your personal moral code. Dungeon overview: The Dungeons of Doom: levels 1 to 2 Level 1 some fountains, a sink a long staircase Level 2 an altar to Anshar, a fountain stairs to The Gnomish Mines The Gnomish Mines: Level 3 <- You were here stairs to The Dungeons of Doom History has recorded: On T:1 you entered the Dungeons of Doom to retrieve the Amulet of Yendor! On T:403 you reached level 2 of The Dungeons of Doom. On T:703 you reached level 1 of The Gnomish Mines. On T:708 you advanced to experience level 2. On T:764 you advanced to experience level 3. On T:855 you advanced to experience level 4. On T:1023 you prayed to Anshar. On T:1190 you prayed to Anshar. On T:1251 you prayed to Anshar. Score breakdown: Gold: 87 ( 8 points) Experience: 4 levels ( 300 points) Exploration: 3 levels ( 60 points) Discoveries: 8 items ( 400 points) Variety of kills: 12 monsters ( 600 points) Major goal: (nothing yet) ( 0 points) Survival: died (score multiplied by 3) Total score: 4104 Latest messages: Your position suddenly seems very uncertain! You come to. You faint from lack of food. You come to. You faint from lack of food. You come to. You faint from lack of food. You come to. You faint from lack of food. Something interacts with you! Your position suddenly seems very uncertain! You come to. That command is only available in debug mode. You faint from lack of food. Something scratches you! (2x) Something misses. (3x) Something scratches you! (2x) Something misses. Something scratches you! Something misses. Something scratches you! (6x) You die... Final status: Goodbye Winsometimes the Caveman, killed by a dwarf zombie, while fainted from lack of food... You died in The Gnomish Mines on dungeon level 3 with 4104 points, and 87 pieces of gold, after 1415 moves. You were level 4 with a maximum of 38 hit points when you died.